 Dungeon Crawl Stone Soup version 0.29.1-13-g9f3cf754e1 (webtiles) character file.

Game seed: 601937684091198024

562 BeingJoeMalik the Geomancer (level 7, -1/36 HPs)
             Began as a Gargoyle Earth Elementalist on Feb 10, 2023.
             Slain by Prince Ribbit (14 damage)
             ... on level 5 of the Dungeon.
             The game lasted 00:12:05 (4755 turns).

BeingJoeMalik the Geomancer (GrEE)                  Turns: 4755, Time: 00:12:06

Health: -1/36      AC: 11    Str: 12    XL:     7   Next: 31%
Magic:  8/12       EV: 11    Int: 17    God:
Gold:   333        SH:  0    Dex: 10    Spells: 8/13 levels left

rFire   . . .      SeeInvis .   o - +1 falchion (elec)
rCold   . . .      Faith    .   (no shield)
rNeg    + . .      Spirit   .   a - +1 robe
rPois   ∞          Reflect  .   h - +2 hat
rElec   +          Harm     .   (no cloak)
rCorr   .          Rampage  .   t - +1 Delatra's gloves {ID++}
Will    .....                   (no boots)
Stlth   ++........              (no amulet)
HPRegen 0.12/turn               (no ring)
MPRegen 0.13/turn               (no ring)

@: no status effects
A: sickness immunity, AC +4, negative energy resistance 1, electricity
resistance, torment resistance 1, petrification resistance
a: no special abilities


You were on level 5 of the Dungeon.
You visited 1 branch of the dungeon, and saw 5 of its levels.

You collected 333 gold pieces.

Inventory:

Hand Weapons
 o - a +1 falchion of electrocution (weapon)
 v - a +1 vampiric spear
Missiles
 g - 7 poisoned darts
Armour
 a - a +1 robe (worn)
 h - a +2 hat (worn)
 t - the +1 Delatra's gloves (worn) {ID++}
   (You found it on level 3 of the Dungeon)

   It heals its wearer when they drink unknown potions.
   It restores its wearer's MP when they read unknown scrolls.
Scrolls
 e - 3 scrolls of identify
 j - 4 scrolls of teleportation
 k - a scroll of butterflies {unknown}
 l - a scroll of summoning
 q - a scroll of vulnerability {unknown}
 s - a scroll of noise {unknown}
Potions
 b - a potion of magic
 c - a potion of mutation {unknown}
 d - a potion of invisibility
 f - a potion of might
 i - a potion of flight
 m - 2 potions of degeneration
 n - a potion of haste
 p - a potion of ambrosia
 r - a potion of curing
 u - a potion of attraction


   Skills:
 - Level 1.5 Dodging
 - Level 2.1 Stealth
 + Level 3.5 Spellcasting
 * Level 3.0 Conjurations
 - Level 0.7 Transmutations
 + Level 8.1 Earth Magic


You had 8 spell levels left.
You knew the following spells:

 Your Spells              Type           Power      Damage    Failure   Level
a - Sandblast             Erth           60%        2d14      1%          1
b - Shock                 Conj/Air       32%        1d5       9%          1
c - Stone Arrow           Conj/Erth      44%        3d9       4%          3

Your spell library contained the following spells:

 Spells                   Type           Power      Damage    Failure   Level
 Passwall                 Tmut/Erth      15%        N/A       4%          2
 Foxfire                  Conj/Fire      32%        2x1d5     9%          1
 Conjure Flame            Conj/Fire      8%         6-21      26%         3
 Petrify                  Tmut/Erth      18%        N/A       26%         4
 Gell's Gravitas          Tloc           3%         N/A       45%         3
 Inner Flame              Hex/Fire       3%         N/A       45%         3
 Lesser Beckoning         Tloc           3%         N/A       45%         3
 Ozocubu's Armour         Ice            3%         N/A       45%         3
 Swiftness                Air            3%         N/A       45%         3
 Teleport Other           Tloc           3%         N/A       45%         3
 Flame Wave               Conj/Fire      8%         2d5       65%         4
 Airstrike                Air            1%         2d(1-17)  86%         4
 Metabolic Englaciation   Hex/Ice        1%         N/A       99%         5
 Dispersal                Tloc           1%         N/A       100%        6
 Simulacrum               Ice/Necr       1%         N/A       100%        6


Dungeon Overview and Level Annotations

Branches:
Dungeon (5/15)
 Temple: D:4-7

Altars:
Gozag
Okawaru

Shops:
D:3 [

Annotations:
D:4 2 transporters, Thatpatchoflichen's ghost, amateur OgMo
D:5 Prince Ribbit


Innate Abilities, Weirdness & Mutations

You are immune to sickness and miasma.
Your stone body is resilient. (AC +4)
You are immune to poison.
You resist negative energy. (rN+)
You are resistant to electric shocks. (rElec)
You are resistant to unholy torment.
You are immune to petrification.


Message History

The blast of sand hits the adder!
You kill the adder!
Unknown command.
Magic restored.
You see here an adder corpse.
Prince Ribbit comes into view.
Casting: Sandblast (safe; 1% risk of failure)
Confirm with . or Enter, or press ? or * to list all spells.
Aiming: Sandblast (safe; 1% risk of failure)
Press: ? - help, Shift-Dir - straight line, f - Prince Ribbit
Aim: Prince Ribbit (asleep, 100% to hit)
The blast of sand hits Prince Ribbit.
Prince Ribbit is lightly wounded.
Prince Ribbit gives a loud, deep croak!
Prince Ribbit croaks regally.
Casting: Sandblast (safe; 1% risk of failure)
Confirm with . or Enter, or press ? or * to list all spells.
Aiming: Sandblast (safe; 1% risk of failure)
Press: ? - help, Shift-Dir - straight line, f/p - Prince Ribbit
Aim: Prince Ribbit (lightly wounded, 71% to hit)
The blast of sand hits Prince Ribbit!
Prince Ribbit is heavily wounded.
Prince Ribbit barely misses you.
Prince Ribbit hops awkwardly around.
Prince Ribbit hits you! x2
Casting: Sandblast (safe; 1% risk of failure)
Confirm with . or Enter, or press ? or * to list all spells.
Aiming: Sandblast (safe; 1% risk of failure)
Press: ? - help, Shift-Dir - straight line, f/p - Prince Ribbit
Aim: Prince Ribbit (heavily wounded, 71% to hit)
The blast of sand misses Prince Ribbit.
Prince Ribbit misses you.
Prince Ribbit hits you but does no damage.
Unknown command.
Casting: Sandblast (safe; 1% risk of failure)
Confirm with . or Enter, or press ? or * to list all spells.
Aiming: Sandblast (safe; 1% risk of failure)
Press: ? - help, Shift-Dir - straight line, f/p - Prince Ribbit
Aim: Prince Ribbit (moderately wounded, 71% to hit)
The blast of sand misses Prince Ribbit.
Prince Ribbit hits you!
You die...

#. #. #. #. #.
### .# #.
##.## #.#
#F#######...##
#.##
#.@..........#
#.#
#########...##
#.. ##.## #..
#.# #.. #†#
##. #.# #.
#.########
#.........
##########


You could see Prince Ribbit.

Vanquished Creatures
  An ice beast (D:5)
  A phantom (D:4)
  A necrophage (D:4)
  A jelly (D:4)
  A hound (D:5)
  An iguana (D:5)
  An orc wizard (D:3)
  Robin (D:4)
  3 gnolls (D:5)
  8 adders
  A worm (D:2)
  2 dart slugs
  6 orcs
  6 bats
  6 endoplasms
  8 giant cockroaches
  13 hobgoblins
  3 quokkas
  4 ball pythons
  5 frilled lizards
  14 goblins
  13 kobolds
  4 rats
104 creatures vanquished.

Vanquished Creatures (collateral kills)
  An endoplasm (D:4)
1 creature vanquished.

Vanquished Creatures (others)
  11 plants
11 creatures vanquished.

Grand Total: 116 creatures vanquished

Notes
Turn   | Place    | Note
-------+----------+-------------------------------------------
     0 | D:1      | BeingJoeMalik the Gargoyle Earth Elementalist began the
                  | quest for the Orb.
     0 | D:1      | Reached XP level 1. HP: 10/10 MP: 3/3
    59 | D:1      | Reached skill level 4 in Earth Magic
   104 | D:1      | Reached XP level 2. HP: 15/15 MP: 3/5
   399 | D:1      | Learned a level 1 spell: Shock
   460 | D:1      | Reached skill level 5 in Earth Magic
   460 | D:1      | Reached XP level 3. HP: 17/19 MP: 2/6
   747 | D:2      | Learned a level 3 spell: Stone Arrow
  1477 | D:2      | Reached XP level 4. HP: 24/24 MP: 4/7
  1480 | D:2      | Reached skill level 1 in Conjurations
  2345 | D:3      | Reached skill level 6 in Earth Magic
  2379 | D:3      | Found an opulent altar of Gozag.
  2534 | D:3      | Found a faded altar of an unknown god.
  2702 | D:3      | Found an iron altar of Okawaru.
  2806 | D:3      | Found Soank's Armour Emporium.
  3017 | D:3      | Reached XP level 5. HP: 28/28 MP: 6/8
  3171 | D:3      | Found the +1 Delatra's gloves {ID++}
  3484 | D:4      | Reached skill level 7 in Earth Magic
  3531 | D:4      | Noticed Robin
  3679 | D:4      | Found a transporter.
  3688 | D:4      | Found a transporter.
  3688 | D:4      | Noticed Thatpatchoflichen's ghost (amateur OgMo)
  3765 | D:4      | Reached XP level 6. HP: 22/32 MP: 2/9
  4172 | D:4      | Killed Robin
  4425 | D:5      | Entered Level 5 of the Dungeon
  4537 | D:5      | Noticed an ice beast
  4572 | D:5      | Killed an ice beast
  4573 | D:5      | Reached skill level 8 in Earth Magic
  4573 | D:5      | Reached XP level 7. HP: 33/36 MP: 1/12
  4751 | D:5      | Noticed Prince Ribbit
  4755 | D:5      | Slain by Prince Ribbit

Illustrated notes

Levels and vault maps discovered:
D:1:      erik_arrival_orb_chamber, layout_rooms
D:2:      layout_basic, serial_forest, infiniplex_forest_lined_room_2,
          infiniplex_forest_clump_small, infiniplex_forest_straight_5,
          infiniplex_forest_straight_1, infiniplex_forest_straight_2,
          infiniplex_forest_clump_small, minmay_misc_feat_tower, minmay_tall_x
D:3:      layout_basic, grunt_gozag_breadcrumbs, okawaru_trees_2, serial_shops,
          shop, dilly_ecumenical_altar_fadedgnrine, pf_guarded_unrand_delatra
D:4:      layout_gridville, gammafunk_ghost_arena, st_stairs_4, uniq_robin
D:5:      layout_loops_ring, amcnicky_altar_gilded, serial_bayou_lagoon_b,
          uniq_prince_ribbit1

Skill      XL: |  1  2  3  4  5  6  7 |
---------------+----------------------+-----
Earth Magic    | 4 5 6 7 8 |  8.1
Conjurations   | 1 2 3 |  3.0
Spellcasting   | 3 |  3.5
Dodging        | |  1.5
Stealth        | |  2.1
Transmutations | |  0.7

Action                   |  1- 3 |  4- 6 |  7- 9 || total
-------------------------+-------+-------+-------++-------
Melee: Unarmed           |       |     1 |       ||     1
       Falchion          |       |       |     6 ||     6
 Cast: Sandblast         |    47 |   108 |    10 ||   165
  Use: Scroll            |       |    14 |       ||    14
Armor: Robe              |     6 |    25 |     3 ||    34
Dodge: Dodged            |     4 |    16 |     8 ||    28
